 Dungeon Crawl Stone Soup version 0.19.4-8-ga85b6b9 (webtiles) character file.

57486 Mefis the Thaumaturge (level 14, -3/68 HPs)
             Began as a Deep Elf Wizard on Feb 12, 2017.
             Was a Priest of Sif Muna.
             Slain by a dire elephant (25 damage)
             ... on level 6 of the Lair of Beasts on Feb 13, 2017.
             The game lasted 01:17:09 (29382 turns).

Mefis the Thaumaturge (Deep Elf Wizard)            Turns: 29382, Time: 01:17:10

Health: -3/68      AC: 12    Str:  4    XL:     14   Next: 45%
Magic:  4/42       EV: 18    Int: 29    God:    Sif Muna [***...]
Gold:   596        SH:  0    Dex: 13    Spells: 12 memorised, 2 levels left

rFire  . . .     SeeInvis .     o - staff of wizardry
rCold  + + .     Gourm    .     X - +2 robe {MR+}
rNeg   . . .     Faith    .     (no shield)
rPois  +         Spirit   .     P - +2 hat
rElec  .         Reflect  .     h - +2 cloak {MR+}
rCorr  .         Harm     .     f - +0 pair of gloves of the Pirate {rPois rC+ MR+}
MR     ++++.                    C - +1 pair of boots
Stlth  +++.......               (no amulet)
                                v - ring of magical power
                                g - ring of protection from cold

@: repel missiles
A: no striking features
a: Divine Energy, Channel Magic, Renounce Religion


You were on level 6 of the Lair of Beasts.
You worshipped Sif Muna.
Sif Muna was most pleased with you.
You were very hungry.

You visited 3 branches of the dungeon, and saw 18 of its levels.
You also visited: Bailey.

You collected 1030 gold pieces.
You spent 434 gold pieces at shops.

Inventory:

Hand Weapons
 a - the +7 quarterstaff "Iduffya" {crush, rElec rF+++ Int-2 Dex+9}
   (You found it on level 9 of the Dungeon)

   It inflicts extra damage upon your enemies.
   It affects your intelligence (-2).
   It affects your dexterity (+9).
   It renders you almost immune to fire.
   It insulates you from electricity.
Missiles
 J - a throwing net (quivered)
Armour
 f - the +0 pair of gloves of the Pirate (worn) {rPois rC+ MR+}
   (You acquired it on level 4 of the Lair of Beasts)

   It protects you from cold.
   It protects you from poison.
   It affects your resistance to hostile enchantments.
 h - a +2 cloak of magic resistance (worn)
 C - a +1 pair of boots (worn)
 P - a +2 hat (worn)
 X - a +2 robe of magic resistance (worn)
Magical Staves
 o - an uncursed staff of wizardry (weapon)
Jewellery
 g - a ring of protection from cold (left hand)
 v - a ring of magical power (right hand)
 x - an uncursed ring of protection from fire
 K - an uncursed ring of protection from cold
Wands
 F - a wand of disintegration (18/24)
 N - a wand of lightning (4/15)
 R - a wand of lightning (8/15)
 T - a wand of digging (16/24)
Scrolls
 e - 7 scrolls of teleportation
 m - 8 scrolls of remove curse
 u - 3 scrolls of fog
 w - a scroll of noise {unknown}
 y - 6 scrolls of enchant armour
 z - a scroll of fear
 A - 2 scrolls of torment
 V - 2 scrolls of blinking {unknown}
 W - 2 scrolls of amnesia
 Z - a scroll of recharging {unknown}
Potions
 b - a potion of berserk rage
 i - a potion of cancellation
 k - 4 potions of flight
 p - 10 potions of curing
 q - a potion of cure mutation
 E - 4 potions of brilliance
 G - a potion of magic {unknown}
 H - 6 potions of heal wounds
 Q - 4 potions of might
 S - a potion of haste
Books
 c - a book of Minor Magic

   Spells                             Type                      Level
   a - Magic Dart                     Conjuration                  1
   b - Blink                          Translocation                2
   c - Call Imp                       Summoning                    2
   d - Repel Missiles                 Charms/Air                   2
   e - Slow                           Hexes                        2
   f - Conjure Flame                  Conjuration/Fire             3
   g - Mephitic Cloud                 Conjuration/Poison/Air       3
 j - Sif Muna's Volume of Displaced Enchantment
   (Sif Muna gifted it to you on level 6 of the Lair of Beasts)

   Spells                             Type                      Level
   a - Spectral Weapon                Hexes/Charms                 3
   b - Summon Guardian Golem          Hexes/Summoning              3
   c - Force Lance                    Conjuration/Translocation    4
   d - Cause Fear                     Hexes                        4
   e - Summon Mana Viper              Hexes/Summoning              5
   f - Discord                        Hexes                        8
   g - Disjunction                    Translocation                8
 s - a book of Air

   Spells                             Type                      Level
   a - Shock                          Conjuration/Air              1
   b - Swiftness                      Charms/Air                   2
   c - Repel Missiles                 Charms/Air                   2
   d - Static Discharge               Conjuration/Air              3
   e - Lightning Bolt                 Conjuration/Air              5
 t - a book of Cantrips

   Spells                             Type                      Level
   a - Confusing Touch                Hexes                        1
   b - Animate Skeleton               Necromancy                   1
   c - Summon Small Mammal            Summoning                    1
   d - Apportation                    Translocation                1
 I - a book of Spatial Translocations

   Spells                             Type                      Level
   a - Blink                          Translocation                2
   b - Shroud of Golubria             Charms/Translocation         2
   c - Lesser Beckoning               Translocation                3
   d - Portal Projectile              Translocation                3
   e - Teleport Other                 Translocation                3
   f - Passage of Golubria            Translocation                4
 O - Sif Muna's Almanac of Conjuration
   (Sif Muna gifted it to you on level 3 of the Lair of Beasts)

   Spells                             Type                      Level
   a - Throw Frost                    Conjuration/Ice              2
   b - Fulminant Prism                Conjuration/Hexes            4
   c - Throw Icicle                   Conjuration/Ice              4
   d - Irradiate                      Conjuration/Transmutation    5
   e - Spellforged Servitor           Conjuration/Summoning        7
   f - Orb of Destruction             Conjuration                  7
 U - a book of Conjurations

   Spells                             Type                      Level
   a - Magic Dart                     Conjuration                  1
   b - Searing Ray                    Conjuration                  2
   c - Dazzling Spray                 Conjuration/Hexes            3
   d - Fulminant Prism                Conjuration/Hexes            4
   e - Iskenderun's Mystic Blast      Conjuration                  4
   f - Iskenderun's Battlesphere      Conjuration/Charms           5
Miscellaneous
 M - a sack of spiders
 Y - a lamp of fire
Comestibles
 d - 7 bread rations
 l - 5 slices of pizza
 n - 6 meat rations
 r - 6 beef jerkies
 B - 15 royal jellies
 D - 10 fruits
 L - 7 chunks of flesh


   Skills:
 - Level 10.1 Dodging
 - Level 5.7 Stealth
 + Level 13.7 Spellcasting
 + Level 11.3 Conjurations
 * Level 12.5 Hexes
 + Level 11.2 Charms
 + Level 6.7 Summonings
 - Level 6.1 Necromancy
 + Level 7.3 Translocations
 - Level 5.2 Air Magic
   Level 4.1 Poison Magic
 + Level 7.3 Invocations
 - Level 5.1 Evocations


You had 2 spell levels left.
You knew the following spells:

 Your Spells              Type           Power        Failure   Level  Hunger
a - Magic Dart            Conj           ####         1%          1    None
b - Summon Mana Viper     Hex/Summ       ######..     1%          5    #......
c - Blink                 Tloc           N/A          1%          2    None
d - Orb of Destruction    Conj           ######....   10%         7    ######.
g - Slow                  Hex            #######.     1%          2    None
m - Iskenderun's Battles  Conj/Chrm      ######..     1%          5    #......
n - Animate Skeleton      Necr           N/A          1%          1    None
o - Repel Missiles        Chrm/Air       ######       1%          2    None
p - Shroud of Golubria    Chrm/Tloc      ######....   1%          2    None
s - Iskenderun's Mystic   Conj           ######..     1%          4    None
w - Irradiate             Conj/Tmut      ######....   4%          5    #......
x - Swiftness             Chrm/Air       ######..     1%          2    None


Dungeon Overview and Level Annotations

Branches:
Dungeon (11/15)            Temple (1/1) D:7            Lair (6/6) D:10
  Swamp (0/4) Lair:2       Spider (0/4) Lair:2          Orc (0/2) D:9
  Slime: Lair:5-6

Altars:
Cheibriados
Dithmenos
Elyvilon
Fedhas
Gozag
Hepliaklqana
Kikubaaqudgha
Makhleb
Nemelex Xobeh
Okawaru
Qazlal
Ru
Sif Muna
Trog
Uskayaw
Vehumet
Xom
Yredelemnul
Zin
The Shining One

Shops:
D:5 =:!   D:11 =


Message History

The magic dart hits the dire elephant.
The dire elephant is almost dead.
Your battlesphere fires!
The barrage of energy hits the dire elephant.
The dire elephant is almost dead.
The dire elephant tramples you!!
You stumble backwards!
Unknown command.
Casting: Magic Dart
Confirm with . or Enter, or press ? or * to list all spells.
Aiming: Magic Dart
Press: ? - help, Shift-Dir - straight line, f/p - dire elephant
Aim: a dire elephant (almost dead)
The magic dart hits the dire elephant.
The dire elephant is almost dead.
Your battlesphere fires!
The barrage of energy hits the dire elephant.
The dire elephant is almost dead.
The dire elephant tramples you!
You stumble backwards!
The dire elephant tramples you!!
You die...

####.†..........#.........P#.####
####..##.....................##..
##....#.......P..................
#...........#...#.......#........
.............#..#.Z..P...#.......
............#.*....###.....#.....
.....P...............#..P.######.
.........P#......Y.........####..
...P......#.....@..#.......#.###.
..................P#........#....
.....#.#......................<.#
....###.#....P.P..#.#......#.#...
..#....#.......###..#...P.###...#
....#...........P.#........#.....
P..###...........)...#.#.........
#..# ##......##.....###..........
..## #.####.#######.# #P....#..P.


You could see a dire elephant, a friendly battlesphere and a friendly elephant
skeleton.

Vanquished Creatures
  Gastronok (Lair:3)
  A dire elephant (Lair:6)
  Snorg (Lair:3)
  9 hydras
  A merfolk avatar (Lair:6)
  A death yak (Lair:5)
  5 hill giants
  2 sea snakes (Lair:6)
  2 orc knights (Bailey)
  2 ugly things (D:11)
  3 manticores
  4 elephants
  Maurice (D:8)
  A cyclops (D:11)
  Joseph (D:8)
  2 black mambas
  2 gargoyles
  17 spiny frogs
  8 rime drakes
  13 komodo dragons
  A polar bear (Lair:6)
  A queen bee (Lair:5)
  3 meliai (Lair:5)
  3 trolls
  9 blink frogs
  3 hornets
  3 dream sheep
  11 hippogriffs
  A redback (Lair:2)
  4 wyverns
  2 hungry ghosts
  22 yaks
  Menkaure (D:6)
  8 vampire mosquitoes
  Duvessa (D:5)
  2 hell hounds (Lair:3)
  21 water moccasins
  9 orc warriors
  3 porcupines
  An ice beast (D:7)
  7 sky beasts
  2 black bears
  A necrophage (D:6)
  2 phantoms
  5 ogres
  14 wolves
  6 centaurs
  18 crocodiles
  Blork the orc (D:5)
  24 bullfrogs
  Dowan (D:5)
  2 scorpions
  31 killer bees
  9 howler monkeys
  2 electric eels (Lair:4)
  2 bullfrog zombies (D:7)
  3 crimson imps
  2 quasits
  8 hounds
  7 jellies
  8 orc priests
  A gnoll shaman (D:6)
  11 orc wizards
  Crazy Yiuf (D:5)
  A bullfrog skeleton (D:8)
  2 centaur skeletons
  Terence (D:2)
  8 worker ants
  5 iguanas
  A hound zombie (D:6)
  A hound skeleton (D:9)
  A howler monkey zombie (D:6)
  A worker ant zombie (D:8)
  10 gnolls
  8 adders
  2 river rats (D:3)
  7 oozes
  An adder skeleton (D:9)
  6 worms
  4 dart slugs
  5 leopard geckos
  41 orcs
  A ball python (D:5)
  7 giant cockroaches
  15 goblins
  12 hobgoblins
  14 jackals
  2 quokkas
  3 bats
  3 frilled lizards
  2 gnoll zombies (D:4)
  2 jackal skeletons
  A jackal zombie (D:5)
  17 kobolds
  A leopard gecko skeleton (D:5)
  12 rats
  2 butterflies (D:7)
  A fungus (Lair:3)
  A plant (Lair:6)
555 creatures vanquished.

Vanquished Creatures (collateral kills)
  The ghost of loralnil the Fencer, a journeyman MiFi of Okawaru (Lair:6)
  A hydra (Lair:6)
  A spiny frog (Lair:6)
  A komodo dragon (Lair:6)
  A polar bear (Lair:6)
  A crocodile (Lair:6)
  A worker ant (D:6)
  Robin (D:3)
  7 gnolls
  An adder (D:2)
  2 goblins (D:3)
  A hobgoblin (D:3)
  2 jackals (D:2)
21 creatures vanquished.

Vanquished Creatures (others)
  19 fulminant prisms
  13 fungi
  31 plants
63 creatures vanquished.

Grand Total: 639 creatures vanquished

Notes
Turn   | Place    | Note
-------+----------+-------------------------------------------
     0 | D:1      | Mefis the Deep Elf Wizard began the quest for the Orb.
     0 | D:1      | Reached XP level 1. HP: 10/10 MP: 7/7
   377 | D:1      | Reached XP level 2. HP: 15/15 MP: 3/9
   397 | D:1      | Learned a level 2 spell: Call Imp
   400 | D:1      | Learned a level 2 spell: Blink
   403 | D:1      | Learned a level 2 spell: Repel Missiles
   598 | D:1      | Reached skill level 5 in Spellcasting
  1253 | D:2      | Reached XP level 3. HP: 19/19 MP: 6/11
  1275 | D:2      | Learned a level 3 spell: Mephitic Cloud
  1399 | D:2      | Noticed Terence
  1709 | D:2      | Reached XP level 4. HP: 24/24 MP: 2/13
  1714 | D:2      | Learned a level 3 spell: Conjure Flame
  1925 | D:2      | Reached skill level 1 in Air Magic
  2115 | D:2      | Reached skill level 1 in Poison Magic
  2543 | D:2      | Killed Terence
  2620 | D:3      | Reached XP level 5. HP: 28/28 MP: 9/15
  2644 | D:3      | Learned a level 2 spell: Slow
  2946 | D:3      | Noticed Robin
  2964 | D:3      | Killed Robin
  3021 | D:3      | Reached skill level 1 in Hexes
  3511 | D:4      | Reached XP level 6. HP: 32/32 MP: 11/16
  3757 | D:4      | Found a basalt altar of Yredelemnul.
  3831 | D:4      | Found a radiant altar of Vehumet.
  3842 | D:4      | Reached skill level 6 in Spellcasting
  4257 | D:4      | Found a white marble altar of Elyvilon.
  4407 | D:4      | Reached XP level 7. HP: 23/36 MP: 1/18
  5240 | D:5      | Entered Level 5 of the Dungeon
  5551 | D:5      | Found Loig's Book Shoppe.
  5574 | D:5      | Reached skill level 7 in Spellcasting
  5652 | D:5      | Found Uthessin's Jewellery Shoppe.
  5678 | D:5      | Found a shimmering altar of Xom.
  5691 | D:5      | Noticed Blork the orc
  5749 | D:5      | Killed Blork the orc
  5953 | D:5      | Found Ujafax's Distillery.
  5970 | D:5      | Bought a potion of brilliance for 56 gold pieces
  5970 | D:5      | Bought a potion of heal wounds for 70 gold pieces
  5970 | D:5      | Bought a potion of curing for 42 gold pieces
  5970 | D:5      | Bought a potion of degeneration for 14 gold pieces
  6036 | D:5      | Found a runed door.
  6082 | D:5      | Found Zihe's Distillery.
  6102 | D:5      | Found an iron altar of Okawaru.
  6145 | D:5      | Got a pitted leather armour
  6156 | D:5      | Identified the +3 leather armour of Xuplerib {rN+ Str+6} (You found it on level 5 of the Dungeon)
  6270 | D:5      | Noticed Duvessa
  6271 | D:5      | Noticed Dowan
  6293 | D:5      | Killed Duvessa
  6298 | D:5      | Killed Dowan
  6298 | D:5      | Reached XP level 8. HP: 41/41 MP: 7/21
  6451 | D:5      | Noticed Crazy Yiuf
  6458 | D:5      | Killed Crazy Yiuf
  6458 | D:5      | Reached skill level 5 in Stealth
  6576 | D:6      | Reached skill level 5 in Dodging
  6839 | D:6      | Got a steaming copper amulet
  6840 | D:6      | Identified the amulet of Kuer {Spirit MR+ Int+2} (You found it on level 6 of the Dungeon)
  6999 | D:6      | Reached skill level 8 in Spellcasting
  7282 | D:6      | Noticed Menkaure
  7293 | D:6      | Killed Menkaure
  7759 | D:6      | Got a smoking tin ring
  7893 | D:6      | Reached XP level 9. HP: 35/45 MP: 19/23
  8096 | D:6      | Reached skill level 9 in Spellcasting
  8096 | D:6      | Reached skill level 5 in Conjurations
  8096 | D:6      | Reached skill level 5 in Hexes
  8096 | D:6      | Reached skill level 1 in Evocations
  8497 | D:7      | Found a radiant altar of Vehumet.
  8497 | D:7      | Found a hide-covered altar of Uskayaw.
  8536 | D:7      | Identified the ring of Ruafur {+Blink rPois Str+3 Int-4 Dex+3} (You took it off an orc wizard on level 6 of the Dungeon)
  8563 | D:7      | Found a burning altar of Makhleb.
  8565 | D:7      | Found a glowing silver altar of Zin.
  9272 | D:7      | Found a staircase to the Ecumenical Temple.
  9292 | Temple   | Entered the Ecumenical Temple
  9312 | Temple   | Became a worshipper of Sif Muna the Loreminder
 10309 | D:8      | Noticed Joseph
 10380 | D:8      | Killed Joseph
 10380 | D:8      | Reached skill level 1 in Charms
 10380 | D:8      | Reached skill level 5 in Air Magic
 10643 | D:8      | Reached skill level 10 in Spellcasting
 10769 | D:8      | Found a glowing golden altar of the Shining One.
 10815 | D:8      | Reached XP level 10. HP: 50/50 MP: 5/26
 11103 | D:8      | Noticed Maurice
 11128 | D:8      | Killed Maurice
 11128 | D:8      | Reached * piety under Sif Muna
 12462 | D:9      | Reached ** piety under Sif Muna
 12771 | D:9      | Found a staircase to the Orcish Mines.
 14261 | D:9      | Got a crystal quarterstaff
 14262 | D:9      | Identified the +7 quarterstaff "Iduffya" {crush, rElec rF+++ Int-2 Dex+9} (You found it on level 9 of the Dungeon)
 14277 | D:10     | Entered Level 10 of the Dungeon
 14321 | D:10     | Reached skill level 5 in Charms
 14385 | D:10     | Learned a level 4 spell: Fulminant Prism
 14389 | D:10     | Learned a level 3 spell: Dazzling Spray
 14395 | D:10     | Learned a level 5 spell: Iskenderun's Battlesphere
 14444 | D:10     | Noticed a gargoyle
 14454 | D:10     | Killed a gargoyle
 14531 | D:10     | Noticed a hill giant
 14545 | D:10     | Killed a hill giant
 14545 | D:10     | Reached *** piety under Sif Muna
 14885 | D:10     | Reached XP level 11. HP: 54/54 MP: 23/27
 14892 | D:10     | Found a staircase to the Lair.
 15269 | D:5      | Bought a potion of cancellation for 112 gold pieces
 15269 | D:5      | Bought a potion of might for 56 gold pieces
 15269 | D:5      | Bought 2 potions of curing for 84 gold pieces
 15453 | D:11     | Noticed a hill giant
 15463 | D:11     | Noticed a white ugly thing
 15468 | D:11     | Found a flagged portal.
 15494 | D:11     | Killed a white ugly thing
 15629 | D:11     | Noticed a hill giant
 15667 | D:11     | Killed a hill giant
 15667 | D:11     | Reached skill level 11 in Spellcasting
 15675 | D:11     | Killed a hill giant
 15739 | D:11     | Learned a level 4 spell: Iskenderun's Mystic Blast
 15740 | Bailey   | Entered a bailey
 15747 | Bailey   | Noticed an orc knight
 15759 | Bailey   | Noticed an orc knight
 15946 | Bailey   | Reached skill level 5 in Summonings
 16150 | Bailey   | Killed an orc knight
 16331 | Bailey   | Killed an orc knight
 16331 | Bailey   | Reached skill level 5 in Translocations
 16648 | D:11     | Noticed a hill giant
 16660 | D:11     | Killed a hill giant
 17180 | D:11     | Reached **** piety under Sif Muna
 17473 | D:11     | Found Geanijeatopn's Jewellery Shoppe.
 17545 | D:11     | Noticed a red ugly thing
 17575 | D:11     | Killed a red ugly thing
 17575 | D:11     | Reached skill level 1 in Invocations
 17831 | D:11     | Noticed a hill giant
 17839 | D:11     | Killed a hill giant
 18298 | Lair:1   | Entered Level 1 of the Lair of Beasts
 19103 | Lair:1   | Reached XP level 12. HP: 51/59 MP: 9/29
 20756 | Lair:2   | Learned a level 2 spell: Shroud of Golubria
 20758 | Lair:2   | Learned a level 1 spell: Animate Skeleton
 20845 | Lair:2   | Found a hole to the Spider Nest.
 20883 | Lair:2   | Reached skill level 12 in Spellcasting
 20895 | Lair:2   | Learned a level 2 spell: Swiftness
 21196 | Lair:2   | Found a staircase to the Swamp.
 21217 | Lair:2   | Reached skill level 1 in Necromancy
 21383 | Lair:2   | Reached skill level 10 in Hexes
 21832 | Lair:3   | You fall through a shaft for 3 floors!
 21832 | Lair:6   | Entered Level 6 of the Lair of Beasts
 22168 | Lair:5   | Identified a scroll of acquirement
 22203 | Lair:4   | Got a pair of scorched gloves
 22224 | Lair:4   | Identified the +0 pair of gloves of the Pirate {rPois rC+ MR+} (You acquired it on level 4 of the Lair of Beasts)
 22797 | Lair:3   | Reached skill level 10 in Dodging
 22815 | Lair:3   | Noticed a six-headed hydra
 22822 | Lair:3   | Killed a six-headed hydra
 22869 | Lair:3   | Noticed Snorg
 22878 | Lair:3   | Killed Snorg
 22878 | Lair:3   | Reached XP level 13. HP: 63/63 MP: 15/31
 22974 | Lair:3   | Learned a level 5 spell: Lightning Bolt
 23287 | Lair:3   | Reached ***** piety under Sif Muna
 23287 | Lair:3   | Identified Sif Muna's Almanac of Conjuration (Sif Muna gifted it to you on level 3 of the Lair of Beasts)
 23287 | Lair:3   | Received a gift from Sif Muna
 23299 | Lair:3   | Learned a level 5 spell: Irradiate
 23539 | Lair:3   | Reached skill level 5 in Invocations
 23809 | Lair:3   | Found a hazy altar of Hepliaklqana.
 24077 | Lair:3   | Noticed Gastronok
 24088 | Lair:3   | Killed Gastronok
 25069 | Lair:5   | Reached skill level 10 in Charms
 25547 | Lair:5   | Reached skill level 10 in Conjurations
 25997 | Lair:5   | Reached skill level 13 in Spellcasting
 25997 | Lair:5   | Reached skill level 5 in Necromancy
 27545 | Lair:6   | Reached XP level 14. HP: 68/68 MP: 33/33
 27702 | Lair:6   | Noticed loralnil's ghost (journeyman MiFi)
 27748 | Lair:6   | Killed loralnil's ghost
 28059 | Lair:6   | Reached skill level 5 in Evocations
 28352 | Lair:6   | Paralysed by a hornet for 1 turns
 28802 | Lair:6   | Identified Sif Muna's Volume of Displaced Enchantment (Sif Muna gifted it to you on level 6 of the Lair of Beasts)
 28802 | Lair:6   | Received a gift from Sif Muna
 28843 | Lair:6   | Learned a level 5 spell: Summon Mana Viper
 28929 | Lair:6   | Learned a level 7 spell: Orb of Destruction
 29382 | Lair:6   | Slain by a dire elephant

Skill      XL: |  1  2  3  4  5  6  7  8  9 10 11 12 13 14 |
---------------+-------------------------------------------+-----
Spellcasting   | 5 6 7 8 10 11 12 13 | 13.7
Stealth        | 3 4 5 |  5.7
Dodging        | 3 4 5 6 7 9 10 | 10.1
Conjurations   | 2 3 4 5 6 8 9 10 11 | 11.3
Air Magic      | 1 2 3 4 5 |  5.2
Poison Magic   | 1 2 3 4 |  4.1
Hexes          | 1 2 3 4 6 8 9 10 11 12 | 12.5
Evocations     | 2 4 5 |  5.1
Charms         | 2 5 7 9 10 11 | 11.2
Translocations | 2 4 5 7 |  7.3
Summonings     | 2 4 6 |  6.7
Invocations    | 1 4 6 7 |  7.3
Necromancy     | 3 5 6 |  6.1

Action                   |  1- 3 |  4- 6 |  7- 9 | 10-12 | 13-15 || total
-------------------------+-------+-------+-------+-------+-------++-------
Melee: Short sword       |    28 |     8 |       |       |       ||    36
       Whip              |       |    20 |    24 |       |       ||    44
       Dagger            |       |       |    30 |    38 |       ||    68
       Quarterstaff      |       |       |       |    74 |    11 ||    85
 Fire: Hunting sling     |       |       |    26 |       |       ||    26
 Cast: Magic Dart        |    95 |   202 |   398 |   483 |   284 ||  1462
       Repel Missiles    |     1 |     1 |       |       |     1 ||     3
       Call Imp          |     2 |     7 |    11 |     3 |       ||    23
       Mephitic Cloud    |     1 |     7 |    26 |    42 |     9 ||    85
       Conjure Flame     |       |     6 |    15 |    21 |       ||    42
       Blink             |       |       |     3 |    11 |     7 ||    21
       Slow              |       |       |     3 |    21 |     5 ||    29
       Fulminant Prism   |       |       |       |    19 |       ||    19
       Iskenderun's Myst |       |       |       |   106 |    60 ||   166
       Dazzling Spray    |       |       |       |    52 |    67 ||   119
       Iskenderun's Batt |       |       |       |    33 |    72 ||   105
       Animate Skeleton  |       |       |       |     2 |    15 ||    17
       Swiftness         |       |       |       |     1 |       ||     1
       Lightning Bolt    |       |       |       |       |     5 ||     5
       Orb of Destructio |       |       |       |       |     8 ||     8
Invok: Channel Magic     |       |       |       |     2 |     4 ||     6
       Forget Spell      |       |       |       |     2 |     4 ||     6
       Divine Energy     |       |       |       |       |     1 ||     1
       Stop Divine Energ |       |       |       |       |     1 ||     1
  Use: Scroll            |       |     1 |     4 |    10 |     3 ||    18
       Potion            |       |       |       |     4 |       ||     4
 Stab: Confused          |       |     1 |     5 |     7 |       ||    13
       Distracted        |       |       |     2 |       |       ||     2
       Sleeping          |       |       |       |     3 |       ||     3
  Eat: Chunk             |     2 |     8 |    17 |    22 |    21 ||    70
       Meat ration       |       |       |     1 |     2 |     1 ||     4
       Bread ration      |       |       |       |     1 |       ||     1
       Fruit             |       |       |       |       |     2 ||     2
Armor: Robe              |    14 |     9 |    32 |    38 |    21 ||   114
Dodge: Dodged            |    39 |    55 |   110 |   262 |   114 ||   580
       Deflected         |       |     2 |     3 |    10 |     5 ||    20
